 Dungeon Crawl Stone Soup version 0.30-a0-711-gf4ac18a38d (webtiles) character file.

Game seed: 10420261964026382776

186 Darius099 the Shield-Bearer (level 5, -4/34 HPs)
             Began as a Gargoyle Fighter on Jan 23, 2023.
             Slain by Blork the orc
             ... wielding a +0 scimitar
              (6 damage)
             ... on level 4 of the Dungeon.
             The game lasted 00:05:07 (2438 turns).

Darius099 the Shield-Bearer (Gargoyle Fighter)      Turns: 2438, Time: 00:05:08

Health: -4/34      AC: 14    Str: 19    XL:     5   Next: 66%
Magic:  0/5        EV:  7    Int:  9    God:
Gold:   221        SH:  5    Dex: 11    Spells: 4/4 levels left

rFire   . . .      SeeInvis .    p - +1 whip (elec)
rCold   . . .      Faith    .    c - +0 buckler
rNeg    + . .      Spirit   +    a - +0 chain mail
rPois   ∞          Reflect  .    (no helmet)
rElec   +          Harm     .    (no cloak)
rCorr   .          Rampage  .    j - +0 pair of gloves
Will    .....                    (no boots) Stlth
                                 l - amulet of guardian spirit
HPRegen 0.25/turn                (no ring)
MPRegen 0.09/turn                (no ring)

@: slowed, very slow
A: sickness immunity, AC +4, negative energy resistance 1, electricity
resistance, torment resistance 1, petrification resistance
a: no special abilities


You were on level 4 of the Dungeon.
You visited 1 branch of the dungeon, and saw 4 of its levels.

You collected 221 gold pieces.

Inventory:

Hand Weapons
 p - a +1 whip of electrocution (weapon)
Missiles
 n - 4 silver javelins (quivered)
Armour
 a - a +0 chain mail (worn)
 c - a +0 buckler (worn)
 j - a +0 pair of gloves (worn)
Jewellery
 l - an amulet of guardian spirit (around neck)
Scrolls
 e - 4 scrolls of teleportation {unknown}
 g - a scroll of magic mapping {unknown}
 h - a scroll of amnesia {unknown}
 m - a scroll of identify {unknown}
Potions
 d - 2 potions of might
 f - a potion of resistance {unknown}
 i - a potion of degeneration {unknown}
 k - 2 potions of curing
 o - a potion of mutation {unknown}


   Skills:
 + Level 4.3 Fighting
 + Level 3.3 Maces & Flails
 + Level 4.3 Armour
 + Level 4.4 Shields


You had 4 spell levels left.
You didn't know any spells.
Your spell library was empty.

Dungeon Overview and Level Annotations

Branches:
Dungeon (4/15)
 Temple: D:4-7

Altars:
Trog
Uskayaw

Annotations:
D:4 Blork the orc


Innate Abilities, Weirdness & Mutations

You are immune to sickness and miasma.
Your stone body is resilient. (AC +4)
You are immune to poison.
You resist negative energy. (rN+)
You are resistant to electric shocks. (rElec)
You are resistant to unholy torment.
You are immune to petrification.


Message History

It was a potion of curing.
You feel better.
The crimson imp disappears in a puff of smoke!
The white imp barely misses you. You block the iron imp's attack.
Natasha wildly gestures.
Natasha shimmers violently.
Natasha claws you but does no damage. You block the white imp's attack.
You block the iron imp's attack.
You hit Natasha.
You kill Natasha!
Natasha screams in fury as she dies!
The iron imp disappears in a puff of smoke!
The white imp disappears in a puff of smoke!
Blork the orc comes into view.
He is wielding a +0 scimitar.
Blork the orc shouts!
You hear a shout! x2
Blork the orc mumbles some strange words.
Blork the orc seems to speed up.
Blork the orc screams, "You are the ugliest creature I've ever seen!"
Blork the orc hits you with a +0 scimitar.
Blork the orc closely misses you. x2
Blork the orc attacks as you move away!
Blork the orc hits you with a +0 scimitar.
* * * LOW HITPOINT WARNING * * *
Blork the orc casts a cantrip, but nothing happens.
Blork the orc casts a spell at you. The puff of flame hits you!
* * * LOW HITPOINT WARNING * * *
You see here a scroll labelled FORUNY NEOTIXE.
Blork the orc points at you and mumbles some strange words.
The magic dart hits you.
* * * LOW HITPOINT WARNING * * *
You feel better.
Blork the orc hits you with a +0 scimitar.
* * * LOW HITPOINT WARNING * * *
Blork the orc hits you with a +0 scimitar.
* * * LOW HITPOINT WARNING * * *
You closely miss Blork the orc.
Blork the orc hits you with a +0 scimitar.
* * * LOW HITPOINT WARNING * * *
Blork the orc hits you with a +0 scimitar.
You die...

... #... ##^#.#
...... ## ......
.# .## ......#
.###...
.......##....###
.......?@.......
.......o........
.................
.................
.................
.####............
..##..............
.......<..........
......#...........


You could see Blork the orc (fast).

Vanquished Creatures
  Natasha (D:4)
  4 gnolls
  4 adders (D:2)
  2 worms (D:2)
  3 dart slugs
  5 orcs (D:3)
  5 ball pythons
  8 endoplasms
  4 giant cockroaches
  6 goblins
  7 hobgoblins
  5 jackals
  A kobold (D:1)
  4 quokkas
  3 bats
  3 frilled lizards
  2 rats
67 creatures vanquished.

Notes
Turn   | Place    | Note
-------+----------+-------------------------------------------
     0 | D:1      | Darius099 the Gargoyle Fighter began the quest for the Orb.
     0 | D:1      | Reached XP level 1. HP: 14/14 MP: 1/1
   138 | D:1      | Reached XP level 2. HP: 15/19 MP: 2/2
   749 | D:2      | Reached XP level 3. HP: 24/24 MP: 3/3
   972 | D:2      | Reached XP level 4. HP: 29/29 MP: 4/4
  1370 | D:2      | Identified the +7 hand axe of Slow Death {antimagic, rN+
                  | Will+}
  1667 | D:2      | Reached XP level 5. HP: 15/33 MP: 3/5
  1905 | D:3      | Found a hide-covered altar of Uskayaw.
  1906 | D:3      | Found a bloodstained altar of Trog.
  2004 | D:3      | Found a faded altar of an unknown god.
  2411 | D:4      | Noticed Natasha
  2426 | D:4      | Killed Natasha
  2430 | D:4      | Noticed Blork the orc
  2436 | D:4      | HP: 1/34 [Blork the orc/magic dart (3)]
  2438 | D:4      | Slain by Blork the orc

Illustrated notes

Levels and vault maps discovered:
D:1:      amcnicky_arrival_gap_in_the_tavern_cellar, layout_loops_ring
D:2:      layout_loops_ring, minmay_cupped
D:3:      layout_rooms, grunt_temple_overflow_open,
          hellmonk_ecumenical_altar_heavens_door
D:4:      layout_rooms, temple_statues, uniq_blork_the_orc, uniq_duvessa,
          uniq_natasha

Skill      XL: |  1  2  3  4 |
---------------+-------------+-----
Shields        | 4 |  4.4
Fighting       | 4 |  4.3
Armour         | 4 |  4.3
Maces & Flails | 3 |  3.3

Action                     |  1- 3 |  4- 6 || total
---------------------------+-------+-------++-------
  Melee: Flail             |    95 |   104 ||   199
         Whip              |       |    34 ||    34
    Use: Potion            |       |     2 ||     2
 Armour: Scale mail        |    41 |    76 ||   117
         Chain mail        |       |    11 ||    11
  Dodge: Dodged            |    44 |    77 ||   121
  Block: Buckler           |    20 |    42 ||    62

Table legend: (Time is in decaauts)
 A = Elapsed time spent in this place.
 B = Non-inter-level travel time spent in this place.
 C = Inter-level travel time spent in this place.
 D = Time resting spent in this place.
 E = Time spent auto-exploring this place.
 F = Levels seen in this place.
 G = Mean time per level.
                   A        B        C        D        E       F      G
               +--------+--------+--------+--------+--------+-----+--------+
         Total |   2515 |   2403 |    112 |    173 |   1457 |   4 |  628.8 |
       Dungeon |   2515 |   2403 |    112 |    173 |   1457 |   4 |  628.8 |
               +--------+--------+--------+--------+--------+-----+--------+

Top non-repeatable levels by time:
     D:2: 957 daAuts
     D:1: 758 daAuts
     D:3: 750 daAuts
     D:4: 49 daAuts
